 Dungeon Crawl Stone Soup version 0.21.1-1-g345015fe64 (webtiles) character file.

362 Lothor the Poker (level 6, -5/47 HPs)
             Began as a Formicid Fighter on Mar 21, 2018.
             Was a Follower of Cheibriados.
             Killed from afar by Lothor's ghost (8 damage)
             ... with a puff of flame
             ... on level 4 of the Dungeon.
             The game lasted 00:11:11 (3500 turns).

Lothor the Poker (Formicid Fighter)                 Turns: 3500, Time: 00:11:11

Health: -5/47      AC:  8    Str: 30    XL:     6   Next: 99%
Magic:  6/6        EV:  8    Int:  9    God:    Cheibriados [*.....]
Gold:   187        SH: 10    Dex: 12    Spells: 5/5 levels left

rFire    . . .     SeeInvis +   a - +0 trident
rCold    + . .     Gourm    .   c - +0 shield
rNeg     . . .     Faith    .   j - +2 ring mail {rC+}
rPois    .         Spirit   .   (helmet unavailable)
rElec    .         Reflect  .   t - +0 cloak
rCorr    .         Harm     .   (no gloves)
MR       .....                  (no boots)
Stlth    +.........             (no amulet)
HPRegen  0.15/turn              (no ring)
MPRegen  0.10/turn              (no ring)

@: mighty, very slow
A: permanent stasis, dig shafts and tunnels, four strong arms, antennae 3
a: Dig, Shaft Self, Bend Time, Renounce Religion


You were on level 4 of the Dungeon.
You worshipped Cheibriados.
Cheibriados was aware of your devotion.
You were not hungry.

You visited 1 branch of the dungeon, and saw 4 of its levels.

You collected 187 gold pieces.

Inventory:

Hand Weapons
 a - a +0 trident (weapon)
Missiles
 k - 19 arrows
Armour
 c - a +0 shield (worn)
 j - a +2 ring mail of cold resistance (worn)
 n - a +0 plate armour
 o - a +0 chain mail of poison resistance
 t - a +0 cloak (worn)
Jewellery
 b - an uncursed ring of protection from fire {unknown}
Wands
 p - a wand of iceblast (7)
Scrolls
 e - 2 scrolls of identify
 h - a scroll of fear {unknown}
 i - a scroll of magic mapping {unknown}
 q - 3 scrolls of remove curse {unknown}
Potions
 g - a potion of magic
 l - 5 potions of curing {unknown}
 m - 2 potions of agility {unknown}
 s - a potion of brilliance {unknown}
Comestibles
 f - 9 rations
 r - 2 chunks of flesh


   Skills:
 - Level 3.2 Fighting
 + Level 6.9 Polearms
 - Level 3.2 Armour
 - Level 3.6 Shields


You had 5 spell levels left.
You didn't know any spells.

Dungeon Overview and Level Annotations

Branches:
Dungeon (4/15)
 Temple: D:4-7

Altars:
Cheibriados

Annotations:
D:4 Lothor's ghost, novice FoFE


Innate Abilities, Weirdness & Mutations

You cannot be hasted, slowed, berserked, paralysed or teleported.
You can dig through walls and to a lower floor.
Your four strong arms can wield two-handed weapons with a shield.
You have a pair of large antennae on your head. (SInv)


Message History

You barely miss Lothor's ghost.
Lothor's ghost is severely damaged.
Lothor's ghost barely misses you.
You closely miss Lothor's ghost.
Lothor's ghost is severely damaged.
You block Lothor's ghost's attack.
You hit Lothor's ghost.
Lothor's ghost is almost destroyed.
Lothor's ghost hits you.
* * * LOW HITPOINT WARNING * * *
You puncture Lothor's ghost!
Lothor's ghost is almost destroyed.
Lothor's ghost gestures at you while chanting.
The puff of flame hits you!
* * * LOW HITPOINT WARNING * * *
You barely miss Lothor's ghost.
Lothor's ghost is almost destroyed.
Lothor's ghost gestures at you while chanting.
The puff of flame hits you!
You die...

#..≈≈.....≈≈.#
#.#
#.......≈.≈≈.#
#..
#.≈≈.....≈≈.#
######.#
.≈≈.....≈≈.
#.......
#≈≈.≈≈#
#.###..#
#.##≈≈.≈≈##.#
#.# #..#
#(...bbw.(..#
#.# #..#
######W######
#.# #..# #.@#
#.# #..# #.##
#.# #..# #.#
#.###..#
######.#####
#.......
............#
#.######
..#########.#
##.##
#.#####...###
#)..........#
#######...#.###


You could see a worm, Lothor's ghost and 2 bats.

Vanquished Creatures
  2 hounds (D:4)
  A bullfrog skeleton (D:4)
  An orc priest (D:3)
  3 orc wizards (D:3)
  2 worker ants
  3 adders
  An ooze (D:1)
  A worm (D:3)
  3 dart slugs
  A leopard gecko (D:4)
  3 orcs (D:3)
  A giant cockroach (D:1)
  10 hobgoblins
  4 jackals (D:2)
  2 quokkas
  4 ball pythons
  8 bats
  6 frilled lizards
  7 goblins
  8 kobolds
  9 rats
80 creatures vanquished.

Notes
Turn   | Place    | Note
-------+----------+-------------------------------------------
     0 | D:1      | Lothor the Formicid Fighter began the quest for the Orb.
     0 | D:1      | Reached XP level 1. HP: 18/18 MP: 1/1
   121 | D:1      | Reached XP level 2. HP: 23/24 MP: 2/2
   168 | D:1      | Reached skill level 3 in Polearms
   376 | D:1      | Reached XP level 3. HP: 29/29 MP: 3/3
   973 | D:2      | Reached skill level 4 in Polearms
   973 | D:2      | Reached XP level 4. HP: 31/35 MP: 4/4
  1186 | D:2      | Found a snail-covered altar of Cheibriados.
  1213 | D:2      | Became a worshipper of Cheibriados the Contemplative
  2109 | D:3      | Reached skill level 5 in Polearms
  2109 | D:3      | Reached XP level 5. HP: 6/41 MP: 5/5
  2123 | D:3      | Reached * piety under Cheibriados
  2509 | D:3      | Reached XP level 6. HP: 33/47 MP: 3/6
  2639 | D:3      | Reached skill level 6 in Polearms
  3471 | D:4      | Found a glowing drain.
  3472 | D:4      | Noticed Lothor's ghost (novice FoFE)
  3500 | D:4      | Killed from afar by Lothor's ghost

Skill      XL: |  1  2  3  4  5  6 |
---------------+-------------------+-----
Polearms       | 3 4 5 6 |  6.9
Fighting       | |  3.2
Armour         | |  3.2
Shields        | |  3.6

Action                   |  1- 3 |  4- 6 || total
-------------------------+-------+-------++-------
Melee: Trident           |    92 |   255 ||   347
Invok: Bend Time         |       |     2 ||     2
  Use: Scroll            |       |     4 ||     4
       Potion            |       |     2 ||     2
  Eat: Chunk             |       |     7 ||     7
Armor: Scale mail        |    41 |     6 ||    47
       Plate armour      |       |    97 ||    97
       Ring mail         |       |    46 ||    46
Dodge: Dodged            |    30 |    63 ||    93
Block: Shield            |    38 |   134 ||   172
